 Dungeon Crawl Stone Soup version 0.32-a0-401-g0bcb2a7693 (webtiles) character file.

Game seed: 16905051166724001705

4782 Ijustatesigmund the Geomancer (level 10, -2/90 HPs)
             Began as a Gargoyle Earth Elementalist on Feb 20, 2024.
             Slain by Amaemon
             ... wielding a -1 demon whip of venom
              (9 damage)
             ... on level 8 of the Dungeon.
             The game lasted 00:16:00 (9795 turns).

Ijustatesigmund the Geomancer (GrEE)                Turns: 9795, Time: 00:16:00

Health: -2/90      AC: 18    Str: 13    XL:     10   Next: 47%
Magic:  16/20      EV: 11    Int: 19    God:
Gold:   439        SH:  0    Dex: 10    Spells: 19/23 levels left

rFire   . . .        c - +2 mace (protect)
rCold   . . .        (no shield)
rNeg    + . .        a - +0 robe
rPois   ∞            (no helmet)
rElec   +            (no cloak)
rCorr   +            o - +1 pair of gloves
SInv    .            (no boots)
Will    .....        (no amulet) Stlth
                     i - ring of resist corrosion
HPRegen 0.35/turn    (no ring)
MPRegen 0.17/turn

%: no passive effects
@: berserking, under a protective aura, studying Staves, very quick
A: sickness immunity, AC +7, negative energy resistance 1, electricity
resistance, torment resistance 1, petrification resistance
a: no special abilities


You were on level 8 of the Dungeon.
You visited 2 branches of the dungeon, and saw 10 of its levels.

You collected 505 gold pieces.
You spent 66 gold pieces at shops.

Inventory:

Hand Weapons
 c - a +2 mace of protection (weapon)
 x - a +1 morningstar
Armour
 a - a +0 robe (worn)
 o - a +1 pair of gloves (worn)
Jewellery
 e - an amulet of faith
 i - a ring of resist corrosion (left hand)
 y - a +4 ring of protection
Wands
 j - a wand of polymorph (7)
 z - a wand of iceblast (5)
 A - a wand of flame (7)
Scrolls
 f - a scroll of amnesia {unknown}
 l - a scroll of identify
 m - a scroll of immolation
 n - 2 scrolls of blinking {unknown}
 p - a scroll of fog {unknown}
 q - 2 scrolls of enchant armour
 s - a scroll of teleportation
 u - a scroll of butterflies {unknown}
 v - a scroll of silence {unknown}
 w - a scroll of fear {unknown}
 B - a scroll of enchant weapon {unknown}
Potions
 b - a potion of magic
 d - 3 potions of resistance
 g - 5 potions of curing
 h - 2 potions of brilliance
 k - a potion of attraction
 r - a potion of might
 C - a potion of mutation


   Skills:
 + Level 5.6 Fighting
 - Level 3.0 Maces & Flails
 - Level 1.5 Dodging
 - Level 2.1 Stealth
 + Level 7.2 Spellcasting
 + Level 8.3 Conjurations
 + Level 9.8 Earth Magic
 + Level 3.4 Evocations


You had 19 spell levels left.
You knew the following spells:

 Your Spells              Type           Power      Damage    Failure   Level
a - Sandblast             Erth           88%        2d18      1%          1
b - Stone Arrow           Conj/Erth      82%        3d12      1%          3

Your spell library contained the following spells:

 Spells                   Type           Power      Damage    Failure   Level
 Passwall                 Erth           44%        N/A       1%          3
 Brom's Barrelling Bould  Conj/Erth      41%        2d6       2%          4
 Dazzling Flash           Conj/Hex       44%        N/A       5%          3
 Mephitic Cloud           Conj/Alch/Air  17%        N/A       10%         3
 Petrify                  Alch/Erth      25%        N/A       13%         4
 Ensorcelled Hibernation  Hex/Ice        12%        N/A       16%         2
 Swiftness                Air            6%         N/A       30%         3
 Curse of Agony           Necr           6%         N/A       95%         5
 Silence                  Hex/Air        3%         N/A       95%         5


Dungeon Overview and Level Annotations

Branches:
Dungeon (9/15)             Temple (1/1) D:7
   Lair: D:8-11         Orc: D:9-12

Altars:
Cheibriados
Fedhas
Gozag
Hepliaklqana
Makhleb
Nemelex Xobeh
Okawaru
Ru
Sif Muna
Uskayaw
Xom

Shops:
D:2 !

Annotations:
D:5 1 runed translucent door, Mrcake's ghost, novice CoGl
D:6 3 runed translucent doors, EC1's ghost, novice MiGl; sunet's ghost, novice MiFi
D:8 Amaemon


Innate Abilities, Weirdness & Mutations

You are immune to sickness and miasma.
Your stone body is resilient. (AC +7)
You are immune to poison.
You resist negative energy. (rN+)
You are resistant to electric shocks. (rElec)
You are resistant to unholy torment.
You are immune to petrification.


Message History

Amaemon hits you with a -1 demon whip of venom.
Amaemon claws you!
* * * LOW HITPOINT WARNING * * *
Amaemon tail-slaps you but does no damage.
You sock Amaemon!
Your weapon exudes an aura of protection.
Amaemon is severely wounded.
Amaemon hits you with a -1 demon whip of venom.
* * * LOW HITPOINT WARNING * * *
Amaemon claws you but does no damage. Amaemon completely misses you.
You closely miss Amaemon.
Amaemon is severely wounded.
Amaemon barely misses you. Amaemon claws you but does no damage.
Amaemon closely misses you.
You barely miss Amaemon.
Amaemon is severely wounded.
You sock Amaemon!
Amaemon is severely wounded.
Amaemon hits you but does no damage. Amaemon claws you.
* * * LOW HITPOINT WARNING * * *
Amaemon closely misses you.
You closely miss Amaemon.
Amaemon is severely wounded.
Amaemon closely misses you. Amaemon claws you but does no damage.
Amaemon misses you.
You closely miss Amaemon.
Amaemon is severely wounded.
Amaemon hits you with a -1 demon whip of venom!
* * * LOW HITPOINT WARNING * * *
Amaemon claws you.
* * * LOW HITPOINT WARNING * * *
Amaemon tail-slaps you but does no damage.
You thump Amaemon!
Amaemon is almost dead.
Amaemon closely misses you. Amaemon barely misses you.
Amaemon closely misses you.
You barely miss Amaemon.
Amaemon is almost dead.
Amaemon hits you with a -1 demon whip of venom!
You die...

#.# #.#########
#.# #..........
#.#
######..........
#.#
#........#######
#.# #.######.#
#.# #.# #.# #.#
#.# #.#
#.########.# #.#
### #.......@6.#
#.# #..
############ #.#
#.# #.# ##.#
#.####.#.
#.....###
######.#. ##.#
###


You could see Amaemon.

Vanquished Creatures
  Joseph (D:8)
  An orange demon (D:9)
  A kobold demonologist (D:8)
  A hornet (D:8)
  Grinder (D:5)
  A water moccasin (D:5)
  3 ice beasts
  2 ogres (D:5)
  A sky beast (D:7)
  2 centaurs (D:8)
  2 phantoms
  12 kobold brigands
  3 bullfrogs
  A gnoll sergeant (D:6)
  2 scorpions (D:5)
  3 wights (D:8)
  3 killer bees
  A howler monkey (D:4)
  A bombardier beetle (D:3)
  2 jellies
  A gnoll bouda (D:7)
  5 orc priests
  4 hounds
  A sleepcap (D:4)
  3 iguanas
  6 orc wizards
  11 gnolls
  5 adders
  A white imp (D:6)
  3 dart slugs
  A ribbon worm (D:4)
  28 orcs
  5 bats
  5 endoplasms
  5 giant cockroaches
  3 hobgoblins
  6 jackals (D:2)
  A quokka (D:3)
  5 ball pythons
  3 frilled lizards
  7 goblins
  23 kobolds
  4 rats
180 creatures vanquished.

Vanquished Creatures (others)
  2 orc wizards (D:7)
2 creatures vanquished.

Grand Total: 182 creatures vanquished

Notes
Turn   | Place    | Note
-------+----------+-------------------------------------------
     0 | D:1      | Ijustatesigmund the Gargoyle Earth Elementalist began the
                  | quest for the Orb.
     0 | D:1      | Reached XP level 1. HP: 10/10 MP: 3/3
   160 | D:1      | Reached XP level 2. HP: 16/16 MP: 1/5
   605 | D:1      | Reached skill level 1 in Fighting
   652 | D:1      | Reached XP level 3. HP: 20/20 MP: 4/6
   656 | D:1      | Learned a level 3 spell: Stone Arrow
   758 | D:2      | Reached skill level 1 in Maces & Flails
   758 | D:2      | Reached skill level 4 in Earth Magic
   911 | D:2      | Reached XP level 4. HP: 24/25 MP: 0/7
   965 | D:2      | Found Ruututaex's Distillery.
  1059 | D:2      | Bought a potion of curing for 33 gold pieces
  1059 | D:2      | Bought a potion of attraction for 33 gold pieces
  1981 | D:3      | Reached XP level 5. HP: 30/30 MP: 4/9
  2612 | D:4      | Reached XP level 6. HP: 17/36 MP: 3/10
  2786 | D:4      | Found a blossoming altar of Fedhas.
  3019 | D:4      | Reached skill level 5 in Earth Magic
  3135 | D:4      | Found an opulent altar of Gozag.
  3392 | D:5      | Entered Level 5 of the Dungeon
  3403 | D:5      | Reached XP level 7. HP: 41/41 MP: 6/12
  3648 | D:5      | Noticed Grinder
  3667 | D:5      | Killed Grinder
  3679 | D:5      | Reached skill level 6 in Earth Magic
  3793 | D:5      | Reached XP level 8. HP: 45/46 MP: 9/14
  4297 | D:5      | Found a runed translucent door.
  4297 | D:5      | Noticed Mrcake's ghost (novice CoGl)
  4305 | D:5      | Reached skill level 5 in Conjurations
  4647 | D:6      | Found a runed translucent gate.
  4648 | D:6      | Found a runed translucent gate.
  4649 | D:6      | Found a runed translucent gate.
  4678 | D:6      | Noticed sunet's ghost (novice MiFi)
  4678 | D:6      | Noticed EC1's ghost (novice MiGl)
  4837 | D:6      | Reached skill level 5 in Spellcasting
  4837 | D:6      | Reached skill level 7 in Earth Magic
  6195 | D:7      | Reached XP level 9. HP: 49/51 MP: 8/17
  6197 | D:7      | Reached skill level 8 in Earth Magic
  7140 | D:7      | Found a staircase to the Ecumenical Temple.
  7146 | Temple   | Entered the Ecumenical Temple
  7961 | D:8      | Reached skill level 1 in Evocations
  8461 | D:8      | Noticed a hornet
  8464 | D:8      | Killed a hornet
  8532 | D:8      | Reached skill level 9 in Earth Magic
  8534 | D:8      | Noticed a kobold demonologist
  8541 | D:8      | Killed a kobold demonologist
  8542 | D:8      | Reached XP level 10. HP: 50/58 MP: 6/20
  8591 | D:8      | Reached skill level 5 in Fighting
  8766 | D:8      | Noticed Joseph
  8774 | D:8      | Killed Joseph
  9263 | D:8      | Found a snail-covered altar of Cheibriados.
  9778 | D:9      | Noticed Amaemon
  9778 | D:9      | Noticed an orange demon
  9783 | D:9      | Killed an orange demon
  9795 | D:8      | Slain by Amaemon

Illustrated notes

Levels and vault maps discovered:
D:1:      dpeg_arrival_rhombus, layout_loops_cross, fountainhead
D:2:      layout_loops_ring, serial_shops, nicolae_shop_industrial_runoff
D:3:      layout_loops_ring
D:4:      layout_basic, nicolae_gozag_cash_rules_everything_around_me,
          fedhas_altar_3, mrwooster_statue_mirror
D:5:      layout_basic, gammafunk_ghost_grave, uniq_grinder
D:6:      layout_loops_ring, gammafunk_ghost_cemetery
D:7:      layout_basic, minmay_temple_entry_nine_rooms, billiards_dpeg
D:8:      layout_loops_ring, lemuel_doored_altar, special_room
          [special_room_kobold], minmay_manual_mares, uniq_joseph
D:9:      layout_cave_pools, dreamdust_divine_triumvirate,
          grunt_temple_overflow_diamond, nicolae_overflow_hidden_temple,
          dpeg_lair_monsters, david_orc_3, grunt_ministairs_10, minivault_14,
          nicolae_shop_vocational, uniq_amaemon, uniq_maggie
Temple:   pf_temple_reverse_labyrinth

Skill      XL: |  1  2  3  4  5  6  7  8  9 10 |
---------------+-------------------------------+-----
Fighting       | 1 2 3 4 5 |  5.6
Maces & Flails | 1 2 3 |  3.0
Earth Magic    | 4 5 6 7 9 |  9.8
Conjurations   | 2 3 4 6 7 8 |  8.3
Spellcasting   | 3 4 5 6 7 |  7.2
Evocations     | 2 3 |  3.4
Dodging        | |  1.5
Stealth        | |  2.1

Action                     |  1- 3 |  4- 6 |  7- 9 | 10-12 || total
---------------------------+-------+-------+-------+-------++-------
  Melee: Whip              |     1 |    39 |       |       ||    40
         Mace              |       |     3 |   126 |    67 ||   196
   Cast: Sandblast         |    33 |    73 |    72 |     5 ||   183
         Stone Arrow       |       |     1 |    65 |    25 ||    91
  Evoke: Wand              |       |       |     5 |     4 ||     9
    Use: Scroll            |       |     5 |     6 |     1 ||    12
         Potion            |       |       |     2 |     2 ||     4
 Armour: Robe              |     4 |    64 |   218 |    77 ||   363
  Dodge: Dodged            |     4 |    70 |   114 |    49 ||   237

Table legend: (Time is in decaauts)
 A = Elapsed time spent in this place.
 B = Non-inter-level travel time spent in this place.
 C = Inter-level travel time spent in this place.
 D = Time resting spent in this place.
 E = Time spent auto-exploring this place.
 F = Levels seen in this place.
 G = Mean time per level.
                   A        B        C        D        E       F      G
               +--------+--------+--------+--------+--------+-----+--------+
         Total |   9919 |   9646 |    273 |   2591 |   5792 |  10 |  991.9 |
       Dungeon |   9918 |   9647 |    271 |   2591 |   5792 |   9 | 1102.0 |
        Temple |      1 |      0 |      1 |      0 |      0 |   1 |    1.0 |
               +--------+--------+--------+--------+--------+-----+--------+

Top non-repeatable levels by time:
     D:8: 2052 daAuts
     D:6: 1627 daAuts
     D:7: 1401 daAuts
     D:5: 1372 daAuts
     D:4: 975 daAuts
     D:2: 939 daAuts
     D:3: 770 daAuts
     D:1: 761 daAuts
     D:9: 16 daAuts
  Temple: 1 daAuts
